 Dungeon Crawl Stone Soup version 0.27-a0-1196-g3e9cee4cb2 (webtiles) character file.

Game seed: 10858951915072576329

35 ArcanElement the Shield-Bearer (level 3, 0/29 HPs)
             Began as a Human Fighter on May 28, 2021.
             Slain by a goblin
             ... wielding a +0 club
             ... led by Robin
              (2 damage)
             ... on level 2 of the Dungeon.
             The game lasted 00:01:26 (1341 turns).

ArcanElement the Shield-Bearer (Human Fighter)      Turns: 1341, Time: 00:01:26

Health: 0/29       AC:  6    Str: 16    XL:     3   Next: 55%
Magic:  3/3        EV:  7    Int:  8    God:
Gold:   72         SH:  9    Dex: 13    Spells: 2/2 levels left

rFire    . . .     SeeInvis .   a - +0 long sword
rCold    . . .     Faith    .   c - +0 kite shield
rNeg     . . .     Spirit   .   b - +0 scale mail
rPois    .         Reflect  .   (no helmet)
rElec    .         Harm     .   (no cloak)
rCorr    .         Rampage  .   (no gloves)
Will     .....                  (no boots)
Stlth    ..........             (no amulet)
HPRegen  0.09/turn              (no ring)
MPRegen  0.08/turn              (no ring)

@: no status effects
A: no striking features
a: no special abilities


You were on level 2 of the Dungeon.
You visited 1 branch of the dungeon, and saw 2 of its levels.

You collected 72 gold pieces.

Inventory:

Hand Weapons
 a - a +0 long sword (weapon)
Missiles
 e - 14 poisoned darts (quivered)
Armour
 b - a +0 scale mail (worn)
 c - a +0 kite shield (worn)
Jewellery
 h - an amulet of guardian spirit
Scrolls
 f - a scroll of vulnerability {unknown}
 k - a scroll of magic mapping {unknown}
 m - a scroll of identify
Potions
 d - 2 potions of might
 g - 2 potions of brilliance
 i - a potion of mutation
 j - 3 potions of heal wounds
 l - a potion of haste {unknown}
 n - 2 potions of curing {unknown}


   Skills:
 + Level 3.2 Fighting
 + Level 2.3 Long Blades
 + Level 3.2 Armour
 + Level 3.4 Shields
 * Level 1.1 Invocations


You had 2 spell levels left.
You didn't know any spells.
Your spell library contained the following spells:

 Spells                   Type           Power      Damage    Failure   Level
 Animate Skeleton         Necr           0%         N/A       100%        1
 Apportation              Tloc           0%         N/A       100%        1
 Corona                   Hex            0%         N/A       100%        1
 Summon Small Mammal      Summ           0%         N/A       100%        1


Dungeon Overview and Level Annotations

Branches:
Dungeon (2/15)

Altars:

Annotations:
D:2 Robin


Message History

The goblin shouts!
Robin of the Strong Arm comes into view.
They are wielding a +0 spear.
Robin shouts!
The goblin hits you with a +0 club. Robin throws the goblin at you!
You closely miss the goblin. The goblin hits you with a +0 dagger.
The goblin hits you but does no damage. The goblin hits you with a +0 dagger.
Robin roars a battlecry!
The goblins go into a battle-frenzy!
The goblin barely misses you. You block the goblin's attack.
The goblin hits you but does no damage.
You slash the goblin!
You kill the goblin!
The goblin hits you with a +0 dagger. The goblin hits you but does no damage.
You block the goblin's attack.
You closely miss the goblin. You block the goblin's attack. x2
The goblin hits you but does no damage. The goblin hits you with a +0 club.
The goblin barely misses you. The goblin hits you with a +0 dagger.
Unknown command.
You hit the goblin.
You kill the goblin!
Robin throws the goblin at you! You block the goblin's attack. x2
You hit the goblin.
The goblin is moderately wounded.
The goblin barely misses you. You block the goblin's attack.
The goblin hits you but does no damage. You block the goblin's attack. x2
The goblin hits you with a +0 club. The goblin barely misses you.
Unknown command.
You closely miss the goblin.
The goblin is moderately wounded.
The goblin barely misses you. You block Robin's attack.
The goblin completely misses you. The goblin hits you with a +0 club.
The goblin barely misses you. The goblin hits you with a +0 club.
* * * LOW HITPOINT WARNING * * *
Unknown command.
You hit the goblin.
You kill the goblin!
Robin barely misses you. The goblin hits you with a +0 club.
* * * LOW HITPOINT WARNING * * *
You block the goblin's attack. The goblin hits you with a +0 club.
You die...

#.# #.# #+# #...#. #....
###
#.#####.#.############..
......gg................
......g)g...............
#@# #######.. #g# #..
#.# ####.. #.##'######
#..... #.........##
#..... #.............#
#..... ######........#
#.....
#.....†..#####.....
#............#.....


You could see Robin and 4 goblins.

Vanquished Creatures
  An adder (D:2)
  3 bats
  3 endoplasms
  A giant cockroach (D:1)
  4 goblins (D:2)
  A hobgoblin (D:2)
  A quokka (D:2)
  3 ball pythons
  4 kobolds
  4 rats
25 creatures vanquished.

Notes
Turn   | Place    | Note
-------+----------+-------------------------------------------
     0 | D:1      | ArcanElement the Human Fighter began the quest for the Orb.
     0 | D:1      | Reached XP level 1. HP: 18/18 MP: 1/1
    29 | D:1      | Found a faded altar of an unknown god.
   429 | D:1      | Reached XP level 2. HP: 24/24 MP: 2/2
   890 | D:2      | Reached XP level 3. HP: 19/29 MP: 3/3
   897 | D:2      | Reached skill level 1 in Invocations
  1334 | D:2      | Noticed Robin
  1341 | D:2      | Slain by a goblin

Illustrated notes

Levels and vault maps discovered:
D:1:      dpeg_arrival_tiny_g, layout_loops_ring,
          chequers_ecumenical_altar_simple_redux
D:2:      layout_basic, minmay_surrounded, uniq_robin

Skill      XL: |  1  2  3 |
---------------+----------+-----
Invocations    | 1 |  1.1
Fighting       | |  3.2
Long Blades    | |  2.3
Armour         | |  3.2
Shields        | |  3.4

Action                   || total
-------------------------++-------
Melee: Long sword        ||    61
  Use: Scroll            ||     2
       Potion            ||     1
Armor: Scale mail        ||    25
Dodge: Dodged            ||    20
Block: Kite shield       ||    39
       Rpst.: Long sword ||     5

Table legend: (Time is in decaauts)
 A = Elapsed time spent in this place.
 B = Non-inter-level travel time spent in this place.
 C = Inter-level travel time spent in this place.
 D = Time resting spent in this place.
 E = Time spent auto-exploring this place.
 F = Levels seen in this place.
 G = Mean time per level.
                   A        B        C        D        E       F      G
               +--------+--------+--------+--------+--------+-----+--------+
         Total |   1373 |   1349 |     24 |     41 |   1141 |   2 |  686.5 |
       Dungeon |   1373 |   1349 |     24 |     41 |   1141 |   2 |  686.5 |
               +--------+--------+--------+--------+--------+-----+--------+

Top non-repeatable levels by time:
     D:1: 872 daAuts
     D:2: 500 daAuts
